 Dungeon Crawl Stone Soup version 0.18-a0-1521-g59d19af (webtiles) character file.

9109 css the Cleaver (level 11, -1/89 HPs)
             Began as a Deep Dwarf Fighter on Mar 7, 2016.
             Was a High Priest of Okawaru.
             Slain by a troll (3 damage)
             ... on level 11 of the Dungeon.
             The game lasted 00:23:40 (8859 turns).

css the Cleaver (Deep Dwarf Fighter)                Turns: 8859, Time: 00:23:40

Health: -1/89      AC: 21    Str: 22 (23) XL:     11   Next: 18%
Magic:  0/10       EV:  8    Int:  4 (5)  God:    Okawaru [*****.]
Gold:   259        SH: 12    Dex: 17      Spells: 0 memorised, 10 levels left

rFire  + + .     SeeInvis .     r - +2 broad axe
rCold  + + .     Gourm    .     n - +0 plate armour
rNeg   . . .     Faith    .     c - +0 shield
rPois  .         Spirit   +     I - +1 hat "Ykufesea" {rElec rC++ Int-4 Dex+2}
rElec  +         Dismiss  .     k - +2 cloak
rCorr  .         Reflect  .     E - +2 pair of gloves {Dex+3}
SustAt +         Harm     .     (no boots)
MR     +++..                    G - amulet of guardian spirit
Stlth  ..........               B - ring of sustain attributes
                                b - ring of protection from fire

@: non-regenerating, extremely resistant to hostile enchantments, extremely
unstealthy
A: damage resistance, recharge devices, blurry vision 1, fire resistance 1,
frail 1, magic resistance 2, sense surroundings 2, slow regeneration 3
a: Device Recharging, Heroism, Finesse, Renounce Religion


You were on level 11 of the Dungeon.
You worshipped Okawaru.
Okawaru was extremely pleased with you.
You were not hungry.

You visited 1 branch of the dungeon, and saw 11 of its levels.

You collected 495 gold pieces.
You spent 236 gold pieces at shops.

Inventory:

Hand Weapons
 r - a +2 broad axe (weapon)
Armour
 c - a +0 shield (worn)
 k - a +2 cloak (worn)
 n - a +0 plate armour (worn)
 E - a +2 pair of gloves of dexterity (worn)
 I - the +1 hat "Ykufesea" (worn) {rElec rC++ Int-4 Dex+2}
   (Okawaru gifted it to you on level 9 of the Dungeon)

   It affects your intelligence (-4).
   It affects your dexterity (+2).
   It greatly protects you from cold.
   It insulates you from electricity.
Jewellery
 b - a ring of protection from fire (left hand)
 B - a ring of sustain attributes (right hand)
 C - an uncursed amulet of dismissal
 G - an amulet of guardian spirit (around neck)
Wands
 e - a wand of heal wounds (0/9)
 o - a wand of polymorph (3/24)
 t - a wand of acid (9/15)
 u - a wand of lightning (0/15)
 w - a wand of paralysis (3/24)
 z - a wand of flame (13/48)
Scrolls
 g - 5 scrolls of remove curse
 h - a scroll of magic mapping
 l - 3 scrolls of fog
 q - 5 scrolls of teleportation
 s - 2 scrolls of amnesia
Potions
 a - a potion of haste
 d - 3 potions of might
 v - a potion of brilliance
 A - 2 potions of flight
 F - a potion of curing
Books
 i - an Akashic Record

   Spells                             Type                      Level
   a - Dispersal                      Translocation                6
   b - Malign Gateway                 Summoning/Translocation      7
   c - Disjunction                    Translocation                8
   d - Controlled Blink               Translocation                8
 D - a book of Cantrips

   Spells                             Type                      Level
   a - Corona                         Hexes                        1
   b - Animate Skeleton               Necromancy                   1
   c - Summon Small Mammal            Summoning                    1
   d - Apportation                    Translocation                1
 H - a book of Beasts

   Spells                             Type                      Level
   a - Summon Butterflies             Summoning                    1
   b - Call Canine Familiar           Summoning                    3
   c - Summon Ice Beast               Ice/Summoning                4
   d - Summon Mana Viper              Hexes/Summoning              5
   e - Summon Hydra                   Summoning                    7
Comestibles
 f - 5 bread rations
 j - a slice of pizza
 m - 4 meat rations
 x - 4 fruits


   Skills:
 + Level 6.7 Fighting
 * Level 11.2 Axes
 + Level 7.8 Armour
 + Level 3.9 Dodging
 + Level 9.5 Shields
 - Level 5.3 Invocations
 * Level 5.8 Evocations


You had 10 spell levels left.
You didn't know any spells.

Dungeon Overview and Level Annotations

Branches:
Dungeon (11/15)            Temple (0/1) D:4            Lair (0/8) D:11
    Orc (0/2) D:9

Altars:
Ashenzari
Dithmenos
Elyvilon
Fedhas
Gozag
Kikubaaqudgha
Makhleb
Nemelex Xobeh
Okawaru
Pakellas
Qazlal
Trog
Xom
Zin

Shops:
D:9 ([(   D:10 :

Annotations:
D:7 exclusion: oklob plant


Innate Abilities, Weirdness & Mutations

You are resistant to damage.
You can recharge devices by infusing magical energy.
You passively map the area around you.
You do not regenerate naturally.
Scrolls take you a little longer to read.
Your flesh is heat resistant.
You are frail (-10% HP).
You are highly resistant to hostile enchantments.


Message History

* * * LOW HITPOINT WARNING * * *
You block the troll's attack. The troll claws you but does no damage.
You hit the troll but do no damage. You block the troll's attack.
The troll claws you but does no damage. x2
You hit the troll but do no damage. The troll bites you but does no damage.
The troll claws you but does no damage. You block the troll's attack.
You closely miss the troll. You block the troll's attack.
The troll claws you but does no damage. You block the troll's attack.
Unknown command.
Unknown command.
You hit the troll but do no damage. The troll barely misses you.
The troll claws you but does no damage. You block the troll's attack.
You closely miss the troll. The troll bites you!
* * * LOW HITPOINT WARNING * * *
The troll claws you but does no damage. You block the troll's attack.
Unknown command.
You slash the troll!
The troll is moderately wounded.
The troll bites you but does no damage. The troll claws you.
You die...

≈≈§≈. * #.................
≈≈≈§≈≈,
###..)###..........#
≈..≈≈.*#.......###....#.#.#
, §>.≈§.##.##.##.#
#......#..
..≈≈≈..#.#..##.####...### #
,≈§§≈.....#..........### ,
,≈≈≈....##.#.###.####.# * ,
..........T....#* ..
**###....#..@....# , ,, *
########.##### ,,, * #)# *
, #.# , , * #.# * , ..., *
* ##.##, * * , #.# * * *,
#.. , *


You could see a troll.

Vanquished Creatures
  Erolcha (D:9)
  3 hill giants
  An ugly thing (D:11)
  A cyclops (D:11)
  A gargoyle (D:11)
  2 trolls
  A wraith (D:10)
  A wyvern (D:11)
  A basilisk (D:9)
  A hippogriff (D:9)
  2 hell hounds (D:11)
  8 orc warriors
  3 ice beasts
  2 sky beasts
  A black bear (D:7)
  3 ogres
  2 centaurs
  6 phantoms
  3 giant frogs
  A wyvern skeleton (D:6)
  2 scorpions
  18 killer bees
  2 howler monkeys
  A quasit (D:8)
  3 crimson imps
  6 hounds
  2 jellies
  4 orc priests
  2 centaur skeletons
  12 orc wizards
  2 giant frog skeletons
  2 iguanas
  5 worker ants
  A howler monkey zombie (D:11)
  Robin (D:3)
  4 gnolls (D:6)
  8 adders
  3 shadow imps
  An ooze (D:2)
  2 adder skeletons
  4 worms
  A dart slug (D:1)
  4 giant geckos
  49 orcs
  2 ball pythons
  5 bats
  3 giant cockroaches
  4 hobgoblins
  7 jackals
  3 kobolds
  6 quokkas
  2 giant newts (D:7)
  14 goblins
  A quokka zombie (D:5)
  10 rats
240 creatures vanquished.

Vanquished Creatures (others)
  2 ghouls (D:1)
  A draconian (D:1)
  An octopode (D:1)
  2 trolls (D:1)
  A formicid (D:1)
  A vampire (D:1)
  A dwarf (D:1)
  A worker ant (D:8)
  A mummy (D:1)
  3 orcs
  A kobold (D:1)
  4 tentacles (D:1)
  40 tentacle segments (D:1)
59 creatures vanquished.

Grand Total: 299 creatures vanquished

Notes
Turn   | Place    | Note
--------------------------------------------------------------
     0 | D:1      | css the Deep Dwarf Fighter began the quest for the Orb.
     0 | D:1      | Reached XP level 1. HP: 20/20 MP: 1/1
     0 | D:1      | Noticed a troll
     0 | D:1      | Noticed an octopode
     0 | D:1      | Noticed a troll
     0 | D:1      | Noticed a formicid
     0 | D:1      | Noticed a vampire
     0 | D:1      | Noticed a kraken
     0 | D:1      | Noticed a ghoul
     0 | D:1      | Noticed a draconian
     0 | D:1      | Noticed a ghoul
     0 | D:1      | Noticed a dwarf
     7 | D:1      | Killed a troll
     7 | D:1      | Killed an octopode
     7 | D:1      | Killed a ghoul
     8 | D:1      | Killed a dwarf
    10 | D:1      | Killed a formicid
    10 | D:1      | Killed a troll
    12 | D:1      | Killed a vampire
    13 | D:1      | Killed a draconian
    16 | D:1      | Killed a ghoul
   286 | D:1      | Reached XP level 2. HP: 27/27 MP: 2/2
   610 | D:2      | Found a stormy altar of Qazlal.
   610 | D:2      | Found an opulent altar of Gozag.
   610 | D:2      | Found a glowing silver altar of Zin.
   610 | D:2      | Found a blossoming altar of Fedhas.
   610 | D:2      | Found a shimmering altar of Xom.
   611 | D:2      | Found an iron altar of Okawaru.
   611 | D:2      | Found a shadowy altar of Dithmenos.
   614 | D:2      | Found a white marble altar of Elyvilon.
   628 | D:2      | Became a worshipper of Warmaster Okawaru
   638 | D:2      | Reached skill level 1 in Dodging
   725 | D:2      | Found a shattered altar of Ashenzari.
   760 | D:2      | Reached XP level 3. HP: 12/34 MP: 3/3
   841 | D:2      | Found a sparkling altar of Nemelex Xobeh.
  1420 | D:3      | Reached skill level 3 in Axes
  1420 | D:3      | Reached XP level 4. HP: 38/42 MP: 4/4
  1526 | D:3      | Noticed Robin
  1551 | D:3      | Killed Robin
  1900 | D:4      | Noticed an ogre
  1907 | D:4      | Killed an ogre
  1907 | D:4      | Reached XP level 5. HP: 23/49 MP: 5/5
  2014 | D:4      | Reached skill level 5 in Shields
  2014 | D:4      | Reached XP level 6. HP: 35/57 MP: 6/6
  2053 | D:4      | Reached * piety under Okawaru
  2053 | D:4      | Reached skill level 4 in Axes
  2056 | D:4      | Found a bloodstained altar of Trog.
  2158 | D:4      | Found a staircase to the Ecumenical Temple.
  2329 | D:4      | Reached XP level 7. HP: 26/64 MP: 7/7
  2630 | D:4      | Reached ** piety under Okawaru
  2800 | D:4      | Found a sparkling altar of Nemelex Xobeh.
  2839 | D:4      | Reached skill level 5 in Axes
  2976 | D:5      | Entered Level 5 of the Dungeon
  3002 | D:5      | Reached skill level 5 in Armour
  3543 | D:5      | Found a burning altar of Makhleb.
  3734 | D:6      | Reached skill level 1 in Invocations
  3742 | D:6      | Gained mutation: You are resistant to hostile enchantments. [mutagenic meat]
  3743 | D:6      | Gained mutation: Your spells are a little easier to cast, but a little less powerful. [mutagenic meat]
  3744 | D:6      | Gained mutation: You expend magic power (3 MP) to strengthen your wands. [mutagenic meat]
  3745 | D:6      | Gained mutation: Scrolls take you a little longer to read. [mutagenic meat]
  3746 | D:6      | Gained mutation: You are clumsy. (Dex -2) [mutagenic meat]
  3747 | D:6      | Lost mutation: You expend magic power (3 MP) to strengthen your wands. [potion of cure mutation]
  3747 | D:6      | Lost mutation: You are clumsy. (Dex -2) [potion of cure mutation]
  3747 | D:6      | Lost mutation: Your spells are a little easier to cast, but a little less powerful. [potion of cure mutation]
  3810 | D:6      | Reached XP level 8. HP: 22/73 MP: 7/9
  3941 | D:6      | Reached skill level 6 in Axes
  4041 | D:6      | Found an ancient bone altar of Kikubaaqudgha.
  4080 | D:6      | Reached *** piety under Okawaru
  4128 | D:6      | You fall through a shaft for 3 floors!
  4201 | D:8      | Noticed a troll
  4327 | D:7      | Reached skill level 5 in Fighting
  4601 | D:7      | Reached **** piety under Okawaru
  4601 | D:7      | Gained mutation: You passively map the area around you. [Deep Dwarf growth]
  4601 | D:7      | Reached XP level 9. HP: 33/81 MP: 10/10
  4806 | D:7      | Found a blossoming altar of Fedhas.
  4838 | D:7      | Noticed an oklob plant
  5314 | D:8      | Reached skill level 7 in Axes
  5340 | D:8      | Reached skill level 5 in Invocations
  5358 | D:8      | Reached skill level 1 in Evocations
  5862 | D:8      | Killed a troll
  5862 | D:8      | Reached skill level 8 in Axes
  6006 | D:8      | Reached ***** piety under Okawaru
  6299 | D:8      | Found an oddly glowing altar of Pakellas.
  6692 | D:9      | Reached XP level 10. HP: 45/91 MP: 9/9
  6698 | D:9      | Reached skill level 9 in Axes
  6751 | D:9      | Found a staircase to the Orcish Mines.
  6751 | D:9      | Found Muni's Armour Emporium.
  6756 | D:9      | Found Onied's Weapon Emporium.
  6824 | D:9      | Bought a +2 pair of gloves of dexterity for 236 gold pieces
  7073 | D:9      | Noticed Erolcha
  7086 | D:9      | Killed Erolcha
  7086 | D:9      | Received a gift from Okawaru
  7115 | D:9      | Got a fine hat {god gift}
  7126 | D:9      | Identified the +1 hat "Ykufesea" {rElec rC++ Int-4 Dex+2} (Okawaru gifted it to you on level 9 of the Dungeon)
  7133 | D:9      | Found Retz's Antique Weapon Emporium.
  7261 | D:10     | Entered Level 10 of the Dungeon
  7274 | D:10     | Noticed a hill giant
  7284 | D:10     | Killed a hill giant
  7284 | D:10     | Reached skill level 10 in Axes
  7376 | D:10     | Got a fine scale mail
  7387 | D:10     | Identified the cursed +0 scale mail "Fech" {-Tele rC+ rN+ Str+2} (You found it on level 10 of the Dungeon)
  7737 | D:10     | Noticed a hill giant
  7746 | D:10     | Killed a hill giant
  7746 | D:10     | Reached skill level 5 in Evocations
  7820 | D:10     | Found a white marble altar of Elyvilon.
  7887 | D:10     | Found Irchic's Book Emporium.
  8218 | D:11     | Noticed a cyclops
  8221 | D:11     | Killed a cyclops
  8240 | D:11     | Noticed a gargoyle
  8255 | D:11     | Reached XP level 11. HP: 45/99 MP: 0/10
  8284 | D:11     | Noticed a hill giant
  8293 | D:11     | Killed a hill giant
  8293 | D:11     | Reached skill level 11 in Axes
  8313 | D:11     | Noticed a brown ugly thing
  8342 | D:11     | Killed a brown ugly thing
  8354 | D:11     | Found a staircase to the Lair.
  8370 | D:11     | Gained mutation: You are frail (-10% HP). [mutagenic meat]
  8371 | D:11     | Gained mutation: You are highly resistant to hostile enchantments. [mutagenic meat]
  8372 | D:11     | Gained mutation: Your flesh is heat resistant. [mutagenic meat]
  8858 | D:11     | HP: 2/89 [troll (5)]
  8859 | D:11     | Slain by a troll

Vault maps used:
D:1:      nicolae_arrival_kraken_aquarium_a
D:2:      grunt_temple_overflow_open, lemuel_coloured_pillars_altar,
          ashenzari_conservatory_becter, first_bread
D:3:      uniq_robin
D:4:      marbit_many_paths, nemelex_diamond_rough_becter
D:5:      lemuel_round_altar
D:6:      kiku_gazebo_garden_becter
D:7:      tgw_fedhas
D:8:      lemuel_crystal_altar
D:9:      orc_david_3, serial_shops, shop_fountains, uniq_erolcha
D:10:     serial_shops, nicolae_shop_statue_plus, basic_altar
D:11:     minmay_lair_entry_lava, hangedman_tree_tricks

Skill      XL: |  1  2  3  4  5  6  7  8  9 10 11 |
---------------+----------------------------------+-----
Fighting       | 3 4 5 6 |  6.7
Dodging        | 1 2 3 |  3.9
Axes           | 3 4 5 6 8 10 11 | 11.2
Shields        | 4 5 6 7 8 9 |  9.5
Armour         | 4 5 6 7 |  7.8
Invocations    | 1 3 5 |  5.3
Evocations     | 3 5 |  5.8

Action                   |  1- 3 |  4- 6 |  7- 9 | 10-12 || total
-------------------------+-------+-------+-------+-------++-------
Melee: War axe           |   142 |   206 |   335 |       ||   683
       Broad axe         |       |       |   256 |   304 ||   560
 Abil: Device Recharging |       |       |     4 |     1 ||     5
Evoke: Wand              |     1 |     2 |    24 |    14 ||    41
  Use: Potion            |     2 |     5 |     8 |     3 ||    18
       Scroll            |     2 |       |    17 |     4 ||    23
 Stab: Paralysed         |       |       |     4 |    14 ||    18
       Invisible         |       |       |     3 |       ||     3
  Eat: Chunk             |     1 |     3 |     7 |     3 ||    14
       Bread ration      |       |       |     2 |       ||     2
       Meat ration       |       |       |     1 |     1 ||     2
       Fruit             |       |       |     1 |     1 ||     2
       Beef jerky        |       |       |     1 |       ||     1
       Pizza             |       |       |       |     2 ||     2
